 Dungeon Crawl Stone Soup version 0.20-a0-795-ga03948b (webtiles) character file.

30 Alarkh the Slasher (level 3, 29/29 HPs)
             Began as a Demonspawn Monk on Mar 2, 2017.
             Quit the game on level 2 of the Dungeon.
             The game lasted 00:01:24 (1286 turns).

Alarkh the Slasher (Demonspawn Monk)                Turns: 1286, Time: 00:01:25

Health: 29/29      AC:  2    Str: 11    XL:     3   Next: 3%
Magic:  3/3        EV: 12    Int: 12    God:
Gold:   80         SH:  3    Dex: 15    Spells: 2/2 levels left

rFire    . . .     SeeInvis .   a - +0 falchion
rCold    . . .     Gourm    .   b - +0 robe
rNeg     . . .     Faith    .   q - +0 buckler (curse)
rPois    .         Spirit   .   (no helmet)
rElec    .         Reflect  .   (no cloak)
rCorr    .         Harm     .   (no gloves)
MR       .....                  (no boots)
Stlth    ++........             j - amulet of inaccuracy (curse)
Regen    0.1/turn               (no ring)
MPRegen  0.1/turn               s - ring of wizardry

@: no status effects
A: demonic guardian 1, spiny 1
a: no special abilities


You were on level 2 of the Dungeon.
You were not hungry.

You visited 1 branch of the dungeon, and saw 2 of its levels.

You collected 80 gold pieces.

Inventory:

Hand Weapons
 a - a +0 falchion (weapon)
Armour
 b - a +0 robe (worn)
 q - a cursed +0 buckler (worn)
Jewellery
 j - a cursed amulet of inaccuracy (around neck)
 s - a ring of wizardry (left hand)
Scrolls
 d - a scroll of teleportation
 e - a scroll of enchant armour {unknown}
 g - a scroll of enchant weapon {unknown}
 k - a scroll of magic mapping
 m - a scroll of blinking
 n - a scroll of fog {unknown}
 p - a scroll of remove curse {unknown}
Potions
 f - a potion of berserk rage {unknown}
 i - 2 potions of haste {unknown}
Comestibles
 c - 2 bread rations
 h - a meat ration
 l - 7 fruits
 o - a royal jelly
 r - a chunk of flesh


   Skills:
 + Level 3.1 Fighting
 * Level 3.5 Long Blades
 + Level 2.9 Dodging
 - Level 1.7 Stealth
 + Level 0.0 Shields


You had 2 spell levels left.
You didn't know any spells.

Dungeon Overview and Level Annotations

Branches:
Dungeon (2/15)

Altars:
Xom


Innate Abilities, Weirdness & Mutations

A weak demonic guardian rushes to your aid.
You are partially covered in sharp spines.


Message History

The leopard gecko bites you.
You barely miss the leopard gecko.
The leopard gecko is heavily wounded.
The leopard gecko is struck by your spines.
The leopard gecko completely misses you.
The leopard gecko is struck by your spines.
You kill the leopard gecko!
You have reached level 3!
Your experience leads to an increase in your attributes!
Increase (S)trength, (I)ntelligence, or (D)exterity?
You feel clever.
Your demonic ancestry asserts itself...
You feel the presence of a demonic guardian.
HP restored.
r - a chunk of flesh The sentinel's mark upon you fades away.
s - a moonstone ring
s - a ring of wizardry (left hand) Oops, that amulet feels deathly cold.
j - a cursed amulet of inaccuracy (around neck) Are you sure you want to abandon this character and quit the game? (Confirm with "yes".)

.# #.# #.# #.#,* **,* .# ###.#
#.# #.#,* *,,* ## #...#
#.#***,*,* *,** # #.###
#..,,,<,,****,* # #.#
###***,,,,,**,* # #.#
**###***,*,**,* # ##.##
*...,,,,,*,**,* # #...#
###.##****,*,**,* # **#.#.###
#@...## *,*,**,* #
*...#...####.#...####,*,**,* #
#.#####.............#,#,**,* #
#.,,#...#.........#.#.#,**,* #
#,#,#.###.............,,**,*
#####.#...................,,,,,*
......########.......###.,******
#.##### #.......# *,,* #.#
#.......# *,,*


There were no monsters in sight!

Vanquished Creatures
  2 leopard geckos
  2 giant cockroaches (D:1)
  4 goblins (D:1)
  5 hobgoblins (D:1)
  A ball python (D:1)
  2 bats
  5 frilled lizards
  4 kobolds (D:1)
  A rat (D:1)
26 creatures vanquished.

Notes
Turn   | Place    | Note
-------+----------+-------------------------------------------
     0 | D:1      | Alarkh the Demonspawn Monk began the quest for the Orb.
     0 | D:1      | Reached XP level 1. HP: 18/18 MP: 1/1
   290 | D:1      | Gained mutation: You are partially covered in sharp spines. [demonic ancestry]
   290 | D:1      | Reached XP level 2. HP: 18/24 MP: 2/2
   952 | D:2      | Found a shimmering altar of Xom.
   953 | D:2      | Found a shimmering altar of Xom.
   954 | D:2      | Found a shimmering altar of Xom.
  1263 | D:2      | Gained mutation: A weak demonic guardian rushes to your aid. [demonic ancestry]
  1263 | D:2      | Reached XP level 3. HP: 28/29 MP: 3/3
  1286 | D:2      | Quit the game

Vault maps used:
D:1:      lightli_iron_boxes
D:2:      nicolae_overflow_hidden_temple, xom_redecorated, first_bread,
          minmay_pentomino_w2

Skill      XL: |  1 |
---------------+----+-----
Long Blades    | 3 |  3.5
Fighting       | |  3.1
Dodging        | |  2.9
Stealth        | |  1.7

Action                   || total
-------------------------++-------
Melee: Falchion          ||    43
  Use: Scroll            ||     3
 Stab: Sleeping          ||     3
  Eat: Chunk             ||     1
Armor: Robe              ||     6
Dodge: Dodged            ||    31
Block: Buckler           ||     1
       Rpst.: Falchion   ||    10
